 Dungeon Crawl Stone Soup version 0.29-a0-664-gff9cad4a3d (webtiles) character file.

Game seed: 4315872081741031068

4842 Newt the Schismatic (level 10, -5/76 (80) HPs)
             Began as a Demonspawn Abyssal Knight on June 22, 2022.
             Was an Elder of Lugonu.
             Slain by a two-headed ogre
             ... wielding a +0 dire flail
              (10 damage)
             ... on level 10 of the Dungeon.
             The game lasted 00:34:19 (7744 turns).

Newt the Schismatic (Demonspawn Abyssal Knight)     Turns: 7744, Time: 00:34:20

HP:   -5/76 (80)    AC: 15    Str: 25    XL:     10   Next: 25%
MP:   16/16         EV:  9    Int: 11    God:    Lugonu [****..]
Gold: 459           SH:  0    Dex: 19    Spells: 9/9 levels left

rFire   . . .      SeeInvis .   i - +1 trident (vorpal)
rCold   . . .      Faith    .   (no shield)
rNeg    . . .      Spirit   .   s - +0 chain mail
rPois   .          Reflect  .   O - +1 hat
rElec   .          Harm     +   K - scarf {harm}
rCorr   .          Rampage  .   A - +0 pair of gloves
Will    .....                   (no boots)
Stlth   ..........              (no amulet)
HPRegen 0.22/turn               r - +6 ring of dexterity
MPRegen 0.15/turn               C - +6 ring of strength

@: drained
A: hooves 1, rugged brown scales 2, foul stench 1, spiny 1
a: Renounce Religion, Depart the Abyss, Bend Space, Banish, Corrupt


You were on level 10 of the Dungeon.
You worshipped Lugonu.
Lugonu was greatly pleased with you.
You visited 1 branch of the dungeon, and saw 10 of its levels.
You visited the Abyss 1 time.

You collected 459 gold pieces.

Inventory:

Hand Weapons
 a - a +2 spear
 d - a +0 trident
 i - a +1 vorpal trident (weapon)
 t - the +1 whip of Fate {spect, Stlth+}
   (You found it on level 4 of the Dungeon)

   When its wielder attacks, the weapon's spirit leaps out and strikes again.
   The spirit shares a part of any damage it takes with its wielder.
   Stlth:     It makes you more stealthy.
 B - a +0 spear
 N - a +0 spear
 P - a +3 trident
 R - a +2 spear of freezing
Armour
 b - a +0 leather armour
 g - a +2 cloak
 k - a scarf of shadows
 q - a scarf of repulsion
 s - a +0 chain mail (worn)
 A - a +0 pair of gloves (worn)
 I - a +1 pair of boots of stealth
 K - a scarf of harm (worn)
 O - a +1 hat (worn)
Magical Staves
 M - a staff of earth
Jewellery
 r - a +6 ring of dexterity (left hand)
 x - a ring of willpower
 z - a ring of ice
 C - a +6 ring of strength (right hand)
 F - the ring of Hedonism {rF+ rC+ rN+}
   (You found it on level 6 of the Dungeon)

   [ring of protection from fire]

   rF:        It protects you from fire.
   rC:        It protects you from cold.
   rN:        It protects you from negative energy.
Wands
 L - a wand of digging (6)
Scrolls
 c - a scroll of identify
 f - 5 scrolls of teleportation
 h - a scroll of magic mapping
 j - a scroll of poison
 n - 2 scrolls of immolation
 p - 2 scrolls of acquirement {unknown}
 v - a scroll of silence {unknown}
 w - 2 scrolls of blinking
 y - 2 scrolls of fog {unknown}
 H - a scroll of summoning {unknown}
 J - a scroll of noise {unknown}
Potions
 e - 3 potions of flight
 l - a potion of might
 m - a potion of mutation {unknown}
 o - a potion of brilliance {unknown}
 u - a potion of attraction {unknown}
 D - 2 potions of ambrosia
 E - 2 potions of haste {unknown}
 G - 2 potions of curing
 Q - a potion of degeneration {unknown}


   Skills:
 + Level 6.8 Fighting
 + Level 8.7 Polearms
 + Level 7.5 Armour
 - Level 0.8 Dodging
 * Level 8.9 Invocations


You had 9 spell levels left.
You didn't know any spells.
Your spell library contained the following spells:

 Spells                   Type           Power      Damage    Failure   Level
 Conjure Flame            Conj/Fire      0%         6-21      99%         3
 Ignite Poison            Fire/Tmut/Pois 0%         N/A       99%         3
 Mephitic Cloud           Conj/Pois/Air  0%         N/A       99%         3
 Sticky Flame             Conj/Fire      0%         2d3       100%        4
 Freezing Cloud           Conj/Ice/Air   0%         6-21      100%        5


Dungeon Overview and Level Annotations

Branches:
Dungeon (10/15)            Temple (0/1) D:4
   Lair: D:8-11         Orc: D:9-12

Altars:
Dithmenos
Gozag
Okawaru
Trog
Vehumet

Shops:
D:6 (

Annotations:
D:3 Jessica


Innate Abilities, Weirdness & Mutations

You have large cloven feet.
You are mostly covered in rugged brown scales. (AC +2, +5% HP)
You may rarely emit foul miasma when damaged in melee.
You are partially covered in sharp spines.


Message History

An orc wizard comes into view. It is wielding a +4 dagger.
The orc wizard shouts!
Reach: i) +1 trident (vorpal)
Press: ? - help, Dir - move target, f - two-headed ogre
Aim: a two-headed ogre, wielding a +0 dire flail and a +0 giant club (about 20% to evade your +1 vorpal trident)
You reach to attack!
You barely miss the two-headed ogre.
The two-headed ogre attacks as you move away!
The two-headed ogre hits you with a +0 dire flail!
The two-headed ogre hits you but does no damage.
The orc wizard casts a spell.
The orc wizard flickers and vanishes!
Deactivating autopickup; reactivate with Ctrl-A.
There is an open door here.
Reach: i) +1 trident (vorpal)
Press: ? - help, Dir - move target, f/p - two-headed ogre
Aim: a two-headed ogre, wielding a +0 dire flail and a +0 giant club (about 20% to evade your +1 vorpal trident)
You reach to attack!
You puncture the two-headed ogre!
The two-headed ogre is heavily wounded.
Reach: i) +1 trident (vorpal)
Press: ? - help, Dir - move target, f/p - two-headed ogre
Aim: a two-headed ogre, wielding a +0 dire flail and a +0 giant club (heavily wounded, about 20% to evade your +1 vorpal trident)
You barely miss the two-headed ogre. You kick the two-headed ogre!
The two-headed ogre is heavily wounded.
The two-headed ogre is struck by your spines.
The two-headed ogre hits you with a +0 dire flail!!
The two-headed ogre hits you with a +0 giant club.
You hit the two-headed ogre. Your kick misses the two-headed ogre.
The two-headed ogre is severely wounded.
You hit the two-headed ogre.
The two-headed ogre is almost dead.
The two-headed ogre barely misses you.
The two-headed ogre hits you with a +0 giant club!
* * * LOW HITPOINT WARNING * * *
You closely miss the two-headed ogre.
The two-headed ogre is almost dead.
The two-headed ogre is struck by your spines.
The two-headed ogre hits you with a +0 dire flail!
* * * LOW HITPOINT WARNING * * *
The two-headed ogre hits you with a +0 giant club!
You die...

#.....................
#...)))...............
#.....................
#.....................
#.....#####...........
#.....#...#...........
#.....#...#...........
#..[..+...#...........
#.....#..@Oo.#####+##.
#.....#>..#..#
#.....#...#..#
#.....#...#..#
#.....#####..#####+
#..................
#..................
#..................
#..................


You could see a two-headed ogre and an orc.

Vanquished Creatures
  The ghost of diecastcamel the Conjurer, a novice DgCj (D:7)
  A moth of wrath (D:7)
  A hornet (D:9)
  A steam dragon (D:8)
  3 orc warriors
  A sky beast (D:8)
  An ice beast (D:5)
  A black bear (D:5)
  2 ogres (D:6)
  A phantom (D:4)
  7 centaurs
  5 bullfrogs
  3 necrophages
  4 scorpions
  A gnoll sergeant (D:10)
  9 wights
  10 killer bees
  A jelly (D:5)
  2 hounds (D:5)
  An orc priest (D:6)
  A gnoll shaman (D:8)
  2 iguanas
  An orc wizard (D:7)
  16 gnolls
  2 adders
  A white imp (D:6)
  An ufetubus (D:6)
  3 worms
  4 dart slugs
  28 orcs
  3 ball pythons (D:1)
  3 endoplasms
  2 giant cockroaches
  8 goblins
  9 hobgoblins
  8 jackals
  8 kobolds
  3 quokkas
  5 bats
  4 frilled lizards (D:2)
  9 rats
177 creatures vanquished.

Vanquished Creatures (others)
  15 fungi (D:4)
15 creatures vanquished.

Grand Total: 192 creatures vanquished

Notes
Turn   | Place    | Note
-------+----------+-------------------------------------------
     0 | Abyss:1  | Newt the Demonspawn Abyssal Knight began the quest for the
                  | Orb.
     0 | Abyss:1  | Reached XP level 1. HP: 18/18 MP: 2/2
     6 | D:1      | Escaped the Abyss
    30 | D:1      | Found a faded altar of an unknown god.
   195 | D:1      | Gained mutation: You are partially covered in sharp spines.
                  | [demonic ancestry]
   195 | D:1      | Reached XP level 2. HP: 24/24 MP: 3/3
   630 | D:2      | Gained mutation: You are partially covered in rugged brown
                  | scales. (AC +1, +3% HP) [demonic ancestry]
   630 | D:2      | Reached XP level 3. HP: 16/30 MP: 4/4
   917 | D:2      | Reached *** piety under Lugonu
  1467 | D:3      | Gained mutation: You have large cloven feet. [demonic
                  | ancestry]
  1467 | D:3      | Reached XP level 4. HP: 29/38 MP: 5/5
  1785 | D:3      | Found an iron altar of Okawaru.
  1785 | D:3      | Noticed Jessica
  1788 | D:3      | Found a radiant altar of Vehumet.
  1882 | D:3      | Found a shadowy altar of Dithmenos.
  2012 | D:4      | Noticed a phantom
  2026 | D:4      | Killed a phantom
  2027 | D:4      | Reached XP level 5. HP: 43/43 MP: 6/6
  2080 | D:4      | Found a staircase to the Ecumenical Temple.
  2239 | D:4      | Identified the +1 whip of Fate {spect, Stlth+}
  2535 | D:5      | Entered Level 5 of the Dungeon
  2535 | D:5      | Noticed a centaur
  2543 | D:5      | Killed a centaur
  2544 | D:5      | Reached XP level 6. HP: 45/50 MP: 6/8
  2689 | D:5      | Reached skill level 5 in Polearms
  2736 | D:5      | Reached XP level 7. HP: 51/56 MP: 9/9
  3134 | D:5      | Reached skill level 5 in Fighting
  3459 | D:5      | Reached **** piety under Lugonu
  3593 | D:6      | Reached XP level 8. HP: 52/63 MP: 5/11
  3596 | D:6      | Reached skill level 5 in Invocations
  3821 | D:6      | Found Etierat's Weapon Shoppe.
  4264 | D:6      | Identified the ring of Hedonism {rF+ rC+ rN+}
  4982 | D:7      | Found a transporter.
  4995 | D:7      | Found a transporter.
  4997 | D:7      | Noticed diecastcamel's ghost (novice DgCj)
  4998 | D:7      | Noticed a moth of wrath
  5016 | D:7      | Killed a moth of wrath
  5017 | D:7      | Reached skill level 5 in Armour
  5017 | D:7      | Gained mutation: You may rarely emit foul miasma when
                  | damaged in melee. [demonic ancestry]
  5017 | D:7      | Reached XP level 9. HP: 35/71 MP: 12/14
  5337 | D:7      | Killed diecastcamel's ghost
  6357 | D:8      | Found a large runed translucent door.
  6357 | D:8      | Found a large runed translucent door.
  6374 | D:8      | Found an opulent altar of Gozag.
  6383 | D:8      | Found a bloodstained altar of Trog.
  6722 | D:8      | Gained mutation: You are mostly covered in rugged brown
                  | scales. (AC +2, +5% HP) [demonic ancestry]
  6722 | D:8      | Reached XP level 10. HP: 60/80 MP: 16/16
  7544 | D:10     | Entered Level 10 of the Dungeon
  7730 | D:10     | Noticed a two-headed ogre
  7744 | D:10     | Slain by a two-headed ogre

Illustrated notes

Levels and vault maps discovered:
D:1:      psy_arrival_dodecagon, layout_basic,
          hellmonk_ecumenical_altar_dog_temple, chequers_serial_rivers_micro_c,
          minmay_tetromino_t2
D:2:      layout_loops_cross
D:3:      layout_basic, nicolae_overflow_hidden_temple,
          mainiacjoe_overflow_concentric_impassable, serial_corexii_hall,
          corexii_hall_statues_deadend, corexii_hall_statues_deadend,
          uniq_jessica
D:4:      corexii_shantytown, layout_basic, minmay_temple_entry_arrows,
          serial_aquarium, aquarium_bridge_straight [aquarium_subvault_bridge,
          aquarium_subvault_wall, aquarium_subvault_bridge,
          aquarium_subvault_window], aquarium_bridge_square
          [aquarium_subvault_window, aquarium_subvault_bridge,
          aquarium_subvault_balcony, aquarium_subvault_bridge],
          aquarium_window_2, aquarium_window_fake, aquarium_window_fake,
          aquarium_view_2c, aquarium_view_2b, aquarium_pool_1
D:5:      layout_basic
D:6:      layout_basic, serial_shops, nicolae_shop_advertising_works
          [nicolae_subvault_shop_adworks]
D:7:      layout_loops_corners, gammafunk_ghost_berserking_beasts,
          chequers_serial_rivers_large_a, uniq_duvessa
D:8:      layout_layer_cave, jmf_multi_god_temple2
D:9:      layout_loops_ring, yredelemnul_forgotten_temple_becter,
          lair_entry_dummy, dk_vineyard_3, uniq_maggie
D:10:     layout_irregular_city, orc_0_dummy

Skill      XL: |  1  2  3  4  5  6  7  8  9 |
---------------+----------------------------+-----
Polearms       | 2 3 4 5 6 7 8 |  8.7
Armour         | 2 3 5 7 |  7.5
Fighting       | 4 5 6 |  6.8
Invocations    | 3 4 7 8 |  8.9
Dodging        | |  0.8

Action                   |  1- 3 |  4- 6 |  7- 9 | 10-12 || total
-------------------------+-------+-------+-------+-------++-------
Melee: Spear             |   111 |   125 |   349 |    79 ||   664
       Kick              |       |    36 |    99 |    18 ||   153
       Punch             |       |     3 |     6 |       ||     9
       Trident           |       |       |       |    19 ||    19
Invok: Banish            |       |       |     2 |       ||     2
       Bend Space        |       |       |       |     1 ||     1
  Use: Scroll            |     3 |     3 |     1 |     4 ||    11
       Potion            |       |       |     2 |     1 ||     3
 Stab: Sleeping          |     2 |     1 |       |       ||     3
       Invisible         |       |       |     1 |       ||     1
Armor: Leather armour    |    22 |     5 |       |       ||    27
       Chain mail        |       |    29 |   131 |    34 ||   194
Dodge: Dodged            |    30 |    32 |    94 |    30 ||   186

Table legend: (Time is in decaauts)
 A = Elapsed time spent in this place.
 B = Non-inter-level travel time spent in this place.
 C = Inter-level travel time spent in this place.
 D = Time resting spent in this place.
 E = Time spent auto-exploring this place.
 F = Levels seen in this place.
 G = Mean time per level.
                   A        B        C        D        E       F      G
               +--------+--------+--------+--------+--------+-----+--------+
         Total |   7630 |   7555 |     75 |   2785 |    982 |  11 |  693.6 |
       Dungeon |   7624 |   7549 |     75 |   2785 |    981 |  10 |  762.4 |
         Abyss |      6 |      6 |      0 |      0 |      1 |   1 |    6.0 |
               +--------+--------+--------+--------+--------+-----+--------+

Top non-repeatable levels by time:
     D:7: 1396 daAuts
     D:6: 1137 daAuts
     D:5: 994 daAuts
     D:2: 762 daAuts
     D:8: 741 daAuts
     D:9: 642 daAuts
     D:4: 604 daAuts
     D:1: 592 daAuts
     D:3: 560 daAuts
    D:10: 192 daAuts
 Abyss:1: 6 daAuts
